 Dungeon Crawl Stone Soup version 0.19.1 (webtiles) character file.

707 sveltemanboy the Chiller (level 7, -3/48 HPs)
             Began as a Merfolk Ice Elementalist on Dec 19, 2016.
             Was an Initiate of Ashenzari.
             Slain by a wyvern (17 damage)
             ... on level 5 of the Dungeon.
             The game lasted 00:16:39 (5206 turns).

sveltemanboy the Chiller (Merfolk Ice Elementalist) Turns: 5206, Time: 00:16:40

Health: -3/48      AC:  9    Str:  9    XL:     7   Next: 67%
Magic:  2/10       EV: 12    Int: 16    God:    Ashenzari [......]
Gold:   214        SH:  0    Dex: 14    Spells: 4 memorised, 0 levels left

rFire  . . .     SeeInvis .     s - +0 halberd
rCold  + . .     Gourm    .     x - +0 leather armour
rNeg   . . .     Faith    .     (shield currently unavailable)
rPois  .         Spirit   .     (no helmet)
rElec  .         Reflect  .     (no cloak)
rCorr  .         Harm     .     (no gloves)
MR     .....                    (no boots)
Stlth  ++........               (no amulet)
                                k - ring of protection from fire
                                j - ring of ice (curse)

@: icy armour, slow
A: change form in water, swift swim, stealthy swim
a: Curse Item, Renounce Religion


You were on level 5 of the Dungeon.
You worshipped Ashenzari.
Ashenzari was noncommittal.
You were not hungry.

You visited 1 branch of the dungeon, and saw 5 of its levels.

You collected 214 gold pieces.

Inventory:

Hand Weapons
 r - a +0 glaive
 s - a +0 halberd (weapon)
Missiles
 q - 8 tomahawks
 w - 6 javelins (quivered)
Armour
 x - a +0 leather armour (worn)
Jewellery
 j - a cursed ring of ice (left hand)
 k - a ring of protection from fire (right hand)
Wands
 t - a wand of iceblast (6/15)
Scrolls
 d - 2 scrolls of fog {unknown}
 e - a scroll of remove curse
 g - a scroll of immolation {unknown}
 h - a scroll of teleportation
 o - a scroll of magic mapping
 y - a scroll of noise {unknown}
 z - a scroll of recharging {unknown}
Potions
 f - 6 potions of curing
 u - a potion of mutation
 v - a potion of brilliance {unknown}
Books
 a - a book of Misfortune

   Spells                             Type                      Level
   a - Confusing Touch                Hexes                        1
   b - Confuse                        Hexes                        3
   c - Gell's Gravitas                Hexes/Translocation          3
   d - Petrify                        Transmutation/Earth          4
   e - Metabolic Englaciation         Hexes/Ice                    5
   f - Yara's Violent Unravelling     Hexes/Transmutation          5
 b - a book of Frost

   Spells                             Type                      Level
   a - Freeze                         Ice                          1
   b - Throw Frost                    Conjuration/Ice              2
   c - Ozocubu's Armour               Charms/Ice                   3
   d - Throw Icicle                   Conjuration/Ice              4
   e - Summon Ice Beast               Ice/Summoning                4
 m - a book of Changes

   Spells                             Type                      Level
   a - Beastly Appendage              Transmutation                1
   b - Sticks to Snakes               Transmutation                2
   c - Spider Form                    Transmutation/Poison         3
   d - Ice Form                       Ice/Transmutation            4
   e - Blade Hands                    Transmutation                5
 n - a book of Minor Magic

   Spells                             Type                      Level
   a - Magic Dart                     Conjuration                  1
   b - Blink                          Translocation                2
   c - Call Imp                       Summoning                    2
   d - Repel Missiles                 Charms/Air                   2
   e - Slow                           Hexes                        2
   f - Conjure Flame                  Conjuration/Fire             3
   g - Mephitic Cloud                 Conjuration/Poison/Air       3
Comestibles
 c - 5 bread rations
 i - 2 meat rations
 l - 2 fruits
 p - 2 beef jerkies


   Skills:
 - Level 1.0 Fighting
 + Level 6.2 Polearms
 - Level 1.0 Armour
 - Level 2.6 Dodging
 - Level 2.1 Stealth
 - Level 2.0 Spellcasting
 - Level 1.0 Conjurations
 - Level 1.0 Charms
 - Level 1.0 Summonings
 + Level 7.5 Ice Magic


You couldn't memorise any spells.
You knew the following spells:

 Your Spells              Type           Power        Failure   Level  Hunger
a - Freeze                Ice            ####         1%          1    #......
b - Throw Frost           Conj/Ice       ###...       10%         2    ###....
c - Ozocubu's Armour      Chrm/Ice       ###.....     17%         3    ###....
d - Summon Ice Beast      Ice/Summ       ###.....     56%         4    #####..


Dungeon Overview and Level Annotations

Branches:
Dungeon (5/15)
 Temple: D:4-7

Altars:
Ashenzari
Elyvilon
Kikubaaqudgha
Okawaru
Trog
The Shining One

Shops:
D:4 *

Annotations:
D:4 Edmund


Message History

The wyvern is moderately wounded.
The wyvern bites you!
Casting: Freeze
Confirm with . or Enter, or press ? or * to list all spells.
Aiming: Freeze
Press: ? - help, Shift-Dir - straight line, f/p - wyvern
Aim: a wyvern (moderately wounded)
You feel a surge of power!
You freeze the wyvern.
The wyvern is moderately wounded.
The wyvern bites you!! The wyvern barely misses you.
You slash the wyvern!
The wyvern is severely wounded.
The wyvern bites you!
* * * LOW HITPOINT WARNING * * *
The wyvern closely misses you.
You are too injured to fight recklessly!
You feel better.
The wyvern hisses menacingly.
The wyvern bites you!
You die...

##.#
.........##.# .>
#.(.
.........##.#
#.. ##...##
.....#.)###.#
### ....(.
..........#..
.....
######..#.##.
...# #.....<.
.o# #.##.#.. #l#
#.##.##. #@###
#..#<.#.
#...#####
##.##.#.
###.....##
#>##... ..
#####..###.####.
... ##..##.# #.
... ##.##.# #.
#.# #
###..#.#####
..#.#
#..........#
##..#
#..........#


You could see a wyvern and an orc.

Vanquished Creatures
  3 ogres
  A howler monkey (D:4)
  A crimson imp (D:3)
  A jelly (D:5)
  A hound (D:4)
  3 orc wizards (D:4)
  3 worker ants
  A worker ant zombie (D:5)
  3 gnolls (D:3)
  5 adders
  2 dart slugs
  3 leopard geckos (D:4)
  8 orcs (D:4)
  3 ball pythons
  6 bats
  2 giant cockroaches
  9 goblins
  10 hobgoblins
  2 jackals (D:1)
  2 quokkas (D:3)
  6 frilled lizards
  A jackal skeleton (D:4)
  10 kobolds
  A quokka skeleton (D:4)
  A quokka zombie (D:5)
  6 rats
94 creatures vanquished.

Notes
Turn   | Place    | Note
-------+----------+-------------------------------------------
     0 | D:1      | sveltemanboy the Merfolk Ice Elementalist began the quest for the Orb.
     0 | D:1      | Reached XP level 1. HP: 13/13 MP: 3/3
   190 | D:1      | Reached XP level 2. HP: 18/19 MP: 1/5
   214 | D:1      | Learned a level 2 spell: Throw Frost
   516 | D:1      | Reached skill level 1 in Armour
   690 | D:1      | Reached skill level 1 in Conjurations
   896 | D:1      | Reached XP level 3. HP: 24/24 MP: 1/6
   967 | D:1      | Learned a level 3 spell: Ozocubu's Armour
  1112 | D:2      | Reached skill level 4 in Ice Magic
  1306 | D:2      | Found an ancient bone altar of Kikubaaqudgha.
  2203 | D:3      | Reached skill level 1 in Fighting
  2233 | D:3      | Reached XP level 4. HP: 32/32 MP: 5/7
  2337 | D:3      | Reached skill level 1 in Charms
  2492 | D:3      | Reached skill level 5 in Ice Magic
  2528 | D:3      | Reached XP level 5. HP: 37/37 MP: 0/8
  2974 | D:3      | Found a glowing golden altar of the Shining One.
  3462 | D:4      | Reached skill level 1 in Polearms
  3530 | D:4      | Reached skill level 6 in Ice Magic
  3530 | D:4      | Reached XP level 6. HP: 43/43 MP: 9/9
  3644 | D:4      | Found Jevollu's General Store.
  4033 | D:4      | Noticed Edmund
  4207 | D:4      | Found a white marble altar of Elyvilon.
  4207 | D:4      | Found a faded altar of an unknown god.
  4219 | D:4      | Reached XP level 7. HP: 48/48 MP: 0/10
  4335 | D:4      | Found a shattered altar of Ashenzari.
  4337 | D:4      | Found an iron altar of Okawaru.
  4339 | D:4      | Found a bloodstained altar of Trog.
  4343 | D:4      | Became a worshipper of Ashenzari the Shackled
  4652 | D:4      | Reached skill level 5 in Polearms
  4665 | D:5      | Entered Level 5 of the Dungeon
  4675 | D:5      | Learned a level 4 spell: Summon Ice Beast
  4822 | D:5      | Reached skill level 7 in Ice Magic
  4859 | D:5      | Reached skill level 1 in Summonings
  5197 | D:5      | Noticed a wyvern
  5206 | D:5      | Slain by a wyvern

Skill      XL: |  1  2  3  4  5  6  7 |
---------------+----------------------+-----
Armour         | 1 |  1.0
Conjurations   | 1 |  1.0
Ice Magic      | 4 5 6 7 |  7.5
Fighting       | 1 |  1.0
Charms         | 1 |  1.0
Polearms       | 2 4 6 |  6.2
Summonings     | 1 |  1.0
Dodging        | |  2.6
Stealth        | |  2.1
Spellcasting   | |  2.0

Action                   |  1- 3 |  4- 6 |  7- 9 || total
-------------------------+-------+-------+-------++-------
Melee: Unarmed           |     3 |     2 |       ||     5
       Halberd           |       |    28 |    36 ||    64
Throw: Tomahawk          |     7 |    44 |       ||    51
       Javelin           |       |       |    13 ||    13
 Cast: Freeze            |    26 |    32 |    15 ||    73
       Throw Frost       |    22 |    25 |     2 ||    49
       Ozocubu's Armour  |       |       |     4 ||     4
Invok: Curse Item        |       |       |     1 ||     1
  Use: Scroll            |       |       |     6 ||     6
       Potion            |       |       |     2 ||     2
 Stab: Sleeping          |       |     1 |       ||     1
  Eat: Chunk             |     6 |     9 |     4 ||    19
Armor: Robe              |     1 |     2 |     1 ||     4
       Leather armour    |       |       |     3 ||     3
Dodge: Dodged            |    16 |    32 |    23 ||    71
